 Dungeon Crawl Stone Soup version 0.31.0-32-g396128a36d (webtiles) character file.

Game seed: 9904972707734890152

207 PaiMei the Grave Robber (level 5, -2/38 HPs)
             Began as a Demonspawn Necromancer on Mar 28, 2024.
             Slain by Sigmund
             ... wielding a +0 scythe
              (5 damage)
             ... on level 3 of the Dungeon.
             The game lasted 00:04:05 (3201 turns).

PaiMei the Grave Robber (Demonspawn Necromancer)    Turns: 3201, Time: 00:04:05

Health: -2/38      AC:  2    Str:  8    XL:     5   Next: 54%
Magic:  1/9        EV: 13    Int: 18    God:
Gold:   147        SH:  0    Dex: 15    Spells: 6/10 levels left

rFire   . . .        p - +0 short sword (venom)
rCold   . . .        (no shield)
rNeg    . . .        a - +0 robe
rPois   .            (no helmet)
rElec   .            (no cloak)
rCorr   .            (no gloves)
SInv    .            (no boots)
Will    .....        (no amulet)
Stlth   +++          (no ring)
HPRegen 0.26/turn    (no ring)
MPRegen 0.11/turn

%: no passive effects
@: no status effects
A: thin skeletal structure 1, ignite blood 1, weakness stinger 1
a: no special abilities


You were on level 3 of the Dungeon.
You visited 1 branch of the dungeon, and saw 4 of its levels.

You collected 147 gold pieces.

Inventory:

Hand Weapons
 m - a +0 long sword
 n - a +1 dagger of freezing
 p - a +0 short sword of venom (weapon)
Armour
 a - a +0 robe (worn)
Scrolls
 d - 3 scrolls of identify {unknown}
 f - 2 scrolls of noise {unknown}
 h - 3 scrolls of amnesia {unknown}
 i - 2 scrolls of immolation {unknown}
 j - a scroll of blinking {unknown}
 o - a scroll of enchant armour {unknown}
Potions
 b - a potion of magic
 c - 3 potions of haste {unknown}
 e - 3 potions of curing {unknown}
 k - a potion of mutation {unknown}
 l - a potion of invisibility {unknown}
 q - a potion of lignification {unknown}


   Skills:
 + Level 2.2 Fighting
 + Level 3.0 Dodging
 - Level 2.0 Stealth
 + Level 3.2 Spellcasting
 + Level 5.3 Necromancy


You had 6 spell levels left.
You knew the following spells:

 Your Spells              Type           Power      Damage    Failure   Level
a - Necrotise             Necr           88%        1d8       1%          1
b - Vampiric Draining     Necr           22%        2d7       5%          3

Your spell library contained the following spells:

 Spells                   Type           Power      Damage    Failure   Level
 Animate Dead             Necr           22%        N/A       19%         4
 Mercury Vapours          Alch/Air       4%         N/A       24%         2
 Mephitic Cloud           Conj/Alch/Air  2%         N/A       43%         3
 Curse of Agony           Necr           22%        N/A       45%         5
 Freezing Cloud           Conj/Ice/Air   1%         6-21      99%         5


Dungeon Overview and Level Annotations

Branches:
Dungeon (4/15)
 Temple: D:4-7

Altars:
Makhleb

Shops:
D:1 [   D:2 =

Annotations:
D:2 1 runed translucent door, Crazy Yiuf
D:3 Sigmund
D:4 Robin


Innate Abilities, Weirdness & Mutations

You have a somewhat thin skeletal structure. (Dex +2, Stealth+)
Your demonic aura sometimes causes spilled blood to erupt in flames.
You have a small tail.


Message History

The endoplasm quivers.
The iguana closely misses you.
You climb upwards.
There is a stone staircase leading down here.
The iguana attacks as it pursues you! The iguana bites you! Sigmund misses you.
There is an open door, spattered with blood here.
Sigmund misses you.
You see here a +0 robe.
Sigmund gestures wildly while chanting.
Sigmund flickers and vanishes!
Deactivating autopickup; reactivate with Ctrl-A.
Your magical contamination has completely faded away.
The iguana attacks as it pursues you! The iguana barely misses you.
The iguana attacks as it pursues you! The iguana bites you.
The iguana attacks as it pursues you! The iguana bites you.
There is an escape hatch in the ceiling here.
Casting: Vampiric Draining (dangerous; 5% risk of failure)
Confirm with . or Enter, or press ? or * to list all spells.
Aiming: Vampiric Draining (dangerous; 5% risk of failure)
Press: ? - help, Shift-Dir - straight line, f - iguana
Aim: an iguana You draw life force from the iguana!
You feel life coursing into your body! The iguana bites you.
Casting: Vampiric Draining (dangerous; 5% risk of failure)
Confirm with . or Enter, or press ? or * to list all spells.
You don't have enough magic to cast this spell.
You closely miss the iguana.
The iguana is almost dead.
The iguana bites you!
You barely miss the iguana.
The iguana is almost dead.
Something hits you!
* * * LOW HITPOINT WARNING * * *
The iguana bites you.
* * * LOW HITPOINT WARNING * * *
You hit the iguana but do no damage.
The iguana is poisoned.
You tail-slap the iguana.
You kill the iguana!
Something hits you.
You die...

######## ####### #......#
......# #..^...#
#####.###################......#
.........(......@†{....['>.....#
#####.....#.###.#####.###......#
###...#.###.......# #......#
#.##.#.##........# #(.....##
######....#...........#
#........
.#.....#######....###.#
#.#...... .#.....# #......#.#
#.#...... .......#
#...##.#.###.#...... .#.....#
#...##.#.....#......


There were no monsters in sight!

Vanquished Creatures
  An ogre (D:3)
  An iguana (D:3)
  Terence (D:2)
  4 gnolls (D:2)
  An adder (D:3)
  2 dart slugs
  3 endoplasms
  A giant cockroach (D:3)
  13 goblins
  3 hobgoblins
  A quokka (D:1)
  5 ball pythons
  3 bats
  2 frilled lizards (D:2)
  7 kobolds
  3 rats
51 creatures vanquished.

Vanquished Creatures (collateral kills)
  A ball python (D:2)
  An endoplasm (D:2)
  A goblin (D:1)
3 creatures vanquished.

Grand Total: 54 creatures vanquished

Notes
Turn   | Place    | Note
-------+----------+-------------------------------------------
     0 | D:1      | PaiMei the Demonspawn Necromancer began the quest for the
                  | Orb.
     0 | D:1      | Reached XP level 1. HP: 13/13 MP: 3/3
   357 | D:1      | Gained mutation: Your demonic aura sometimes causes spilled
                  | blood to erupt in flames. [demonic ancestry]
   357 | D:1      | Reached XP level 2. HP: 18/19 MP: 0/5
   686 | D:1      | Found Ozyo's Antique Armour Emporium.
  1004 | D:2      | Noticed Terence
  1119 | D:2      | Killed Terence
  1120 | D:2      | Gained mutation: You have a somewhat thin skeletal
                  | structure. (Dex +2, Stealth+) [demonic ancestry]
  1120 | D:2      | Reached XP level 3. HP: 17/25 MP: 0/6
  1275 | D:2      | Found a runed translucent door.
  1276 | D:2      | Noticed Crazy Yiuf
  1423 | D:2      | Reached skill level 1 in Fighting
  1451 | D:2      | Gained mutation: You have a small tail. [demonic ancestry]
  1451 | D:2      | Reached XP level 4. HP: 32/32 MP: 1/8
  2002 | D:2      | Found Sefain's Jewellery Shop.
  2162 | D:3      | Noticed an ogre
  2351 | D:3      | Found a burning altar of Makhleb.
  2438 | D:3      | Reached skill level 5 in Necromancy
  2575 | D:3      | Killed an ogre
  2576 | D:3      | Reached XP level 5. HP: 14/38 MP: 2/9
  2634 | D:3      | Learned a level 3 spell: Vampiric Draining
  3106 | D:4      | Noticed Robin
  3183 | D:4      | Noticed Sigmund
  3201 | D:3      | Slain by Sigmund

Illustrated notes

Levels and vault maps discovered:
D:1:      dpeg_arrival_oval, layout_basic, serial_shops, nicolae_shop_dealshenge
D:2:      layout_basic, serial_shops, shop, uniq_terence,
          uniq_crazy_yiuf_cottage
D:3:      layout_basic, mainiacjoe_overflow_tiny_flanked, minmay_ogre_servants
D:4:      layout_rooms, serial_forest, infiniplex_forest_end_double,
          infiniplex_forest_corner_1, infiniplex_forest_end_double,
          infiniplex_forest_clump_medium, infiniplex_forest_zigzag_1,
          infiniplex_forest_end_2, infiniplex_forest_zigzag_1,
          infiniplex_forest_straight_1, infiniplex_forest_lined_4_way,
          uniq_sigmund, uniq_robin

Skill      XL: |  1  2  3  4 |
---------------+-------------+-----
Stealth        | 2 |  2.0
Dodging        | 2 3 |  3.0
Fighting       | 1 2 |  2.2
Necromancy     | 5 |  5.3
Spellcasting   | 3 |  3.2

Action                     |  1- 3 |  4- 6 || total
---------------------------+-------+-------++-------
  Melee: Club              |     6 |     4 ||    10
         Unarmed           |     4 |       ||     4
         Tailslap          |       |     3 ||     3
         Short sword       |       |     3 ||     3
         Dagger            |       |     1 ||     1
         Long sword        |       |     1 ||     1
   Cast: Necrotise         |    55 |    64 ||   119
         Vampiric Draining |       |     2 ||     2
 Armour: Robe              |    11 |    26 ||    37
  Dodge: Dodged            |    11 |    16 ||    27
